 Dungeon Crawl Stone Soup version 0.29-a0-284-gf9362112df (webtiles) character file.

Game seed: 6201407914132571060

2 enile the Covered (level 1, -1/17 HPs)
             Began as a Minotaur Wanderer on Mar 22, 2022.
             Slain by a quokka (4 damage)
             ... on level 1 of the Dungeon.
             The game lasted 00:00:16 (42 turns).

enile the Covered (Minotaur Wanderer)                 Turns: 42, Time: 00:00:16

Health: -1/17      AC:  5    Str: 16    XL:     1   Next: 33%
Magic:  1/1        EV: 10    Int: 13    God:
Gold:   0          SH:  0    Dex:  5    Spells: 2/2 levels left

rFire   . . .      SeeInvis .   a - +0 club
rCold   . . .      Faith    .   (no shield)
rNeg    . . .      Spirit   .   c - +0 ring mail
rPois   .          Reflect  .   (helmet restricted)
rElec   .          Harm     .   (no cloak)
rCorr   .          Rampage  .   (no gloves)
Will    .....                   (no boots)
Stlth   ..........              (no amulet)
HPRegen 0.05/turn               (no ring)
MPRegen 0.07/turn               (no ring)

@: no status effects
A: horns 2, retaliatory headbutt
a: no special abilities


You were on level 1 of the Dungeon.
You visited 1 branch of the dungeon, and saw 1 of its levels.

Inventory:

Hand Weapons
 a - a +0 club (weapon)
Armour
 c - a +0 ring mail (worn)
Potions
 b - a potion of attraction


   Skills:
 + Level 1.7 Fighting
 - Level 3.6 Armour
 - Level 1.3 Spellcasting
 - Level 1.3 Ice Magic
 - Level 1.0 Poison Magic
 - Level 1.0 Evocations


You had 2 spell levels left.
You didn't know any spells.
Your spell library contained the following spells:

 Spells                   Type           Power      Damage    Failure   Level
 Freeze                   Ice            16%        1d4       28%         1
 Sting                    Tmut/Pois      8%         1d3       36%         1
 Frozen Ramparts          Ice            8%         1d2       63%         3
 Mephitic Cloud           Conj/Pois/Air  1%         N/A       77%         3
 Ice Form                 Ice/Tmut       2%         N/A       98%         4


Dungeon Overview and Level Annotations

Branches:
Dungeon (1/15)

Altars:


Innate Abilities, Weirdness & Mutations

You have a pair of horns on your head.
You reflexively headbutt those who attack you in melee.


Message History

The endoplasm is severely wounded.
The endoplasm misses you. You furiously retaliate!
You headbutt the endoplasm!
You kill the endoplasm!
You closely miss the quokka. Your headbutt misses the quokka.
The quokka bites you. x2
You are too injured to fight recklessly!
You are too injured to fight recklessly!
You are too injured to fight recklessly!
You are too injured to fight recklessly!
A quokka is nearby!
A quokka is nearby!
You are too injured to fight recklessly!
You closely miss the quokka.
You headbutt the quokka, but do no damage.
The quokka bites you but does no damage.
The quokka bites you.
You hit the quokka.
The quokka is severely wounded.
The quokka bites you but does no damage.
You hit the quokka but do no damage.
The quokka is severely wounded.
The quokka closely misses you. The quokka barely misses you.
You furiously retaliate!
You headbutt the quokka. You hit the quokka but do no damage.
Your headbutt misses the quokka.
The quokka is almost dead.
The quokka bites you.
You hit the quokka but do no damage.
The quokka is almost dead.
The quokka closely misses you. The quokka bites you.
* * * LOW HITPOINT WARNING * * *
You miss the quokka.
The quokka is almost dead.
The quokka bites you but does no damage.
You barely miss the quokka.
The quokka is almost dead.
The quokka bites you but does no damage. x2
You barely miss the quokka.
The quokka is almost dead.
The quokka bites you.
You die...

#...###.. ..
#.....#.# #.####
#...>.#.###.....
#.....#.........
#...###.......#
#...#.......#.#
#...#.......#.##
#[.†#..........##
#.#.#...#....@r.#
#.#.....###.###.....#
#.......# #+# ....#
##......# ...+
........# ..#
#.####...# .. #.
##### # +


You could see a quokka.

Vanquished Creatures
  A bat (D:1)
  An endoplasm (D:1)
2 creatures vanquished.

Notes
Turn   | Place    | Note
-------+----------+-------------------------------------------
     0 | D:1      | enile the Minotaur Wanderer began the quest for the Orb.
     0 | D:1      | enile set off with the following items: a +0 club, a potion
                  | of attraction, a +0 ring mail; and the following spells
                  | available to memorise: Freeze, Sting, Frozen Ramparts,
                  | Mephitic Cloud, Ice Form
     0 | D:1      | Reached XP level 1. HP: 16/16 MP: 1/1
    42 | D:1      | Slain by a quokka

Illustrated notes

Levels and vault maps discovered:
D:1:      amcnicky_arrival_blooded_trapdoor, layout_basic

Action                   || total
-------------------------++-------
Melee: Club              ||    18
       Headbutt          ||     2
Armor: Ring mail         ||     9
Dodge: Dodged            ||    12

Table legend: (Time is in decaauts)
 A = Elapsed time spent in this place.
 B = Non-inter-level travel time spent in this place.
 C = Inter-level travel time spent in this place.
 D = Time resting spent in this place.
 E = Time spent auto-exploring this place.
 F = Levels seen in this place.
 G = Mean time per level.
                   A        B        C        D        E       F      G
               +--------+--------+--------+--------+--------+-----+--------+
         Total |     47 |     47 |      0 |      0 |     15 |   1 |   47.0 |
       Dungeon |     47 |     47 |      0 |      0 |     15 |   1 |   47.0 |
               +--------+--------+--------+--------+--------+-----+--------+

Top non-repeatable levels by time:
     D:1: 47 daAuts
